MLB
LOS ANGELES DODGERS @ ATLANTA BRAVES
08/07/2098
 
TOP OF THE 1ST
Los Angeles Dodgers batting - Pitching for Atlanta Braves : RHP Ryan Peed
Pitching: RHP Ryan Peed
Batting: LHB Joel Holden 0-0: Ball
1-0: SINGLE (Groundball, 4D, EV 106.3 MPH)
Batting: RHB Dan Boyd 0-0: Ball
1-0: Ball
2-0: Foul Ball, location: 9LDF
2-1: Ball
3-1: Ground out 5-3 (Groundball, 15, EV 83.8 MPH)
Joel Holden to second
Batting: LHB Eddy Miramontes 0-0: Ball
1-0: Ball
2-0: Ball
3-0: Base on Balls
Batting: LHB Jose Camacho 0-0: Called Strike
0-1: Ball
1-1: Called Strike
1-2: Foul Ball, location: 23F
1-2: Foul Ball, location: 2F
1-2: Strikes out swinging
Batting: LHB Greg Thompson 0-0: Swinging Strike
0-1: Foul Ball, location: 25F
0-2: Strikes out swinging
Top of the 1st over - 0 runs, 1 hit, 0 errors, 2 left on base; Los Angeles 0 - Atlanta 0
BOTTOM OF THE 1ST
Atlanta Braves batting - Pitching for Los Angeles Dodgers : RHP Sean McNees
Pitching: RHP Sean McNees
Batting: LHB Jordan Montijo 0-0: Ball
1-0: Swinging Strike
1-1: Swinging Strike
1-2: Foul Ball, location: 2F
1-2: Ball
2-2: Foul Ball, location: 2F
2-2: Foul Ball, location: 7LMF
2-2: SINGLE (Groundball, 34S, EV 66.9 MPH) (infield hit)
Batting: LHB Wade Ronsonet 0-0: Ball
Jordan Montijo steals 2nd base
1-0: Ground out 1-3 (Groundball, 13, EV 69.4 MPH)
Batting: RHB Ramon Carrion 0-0: Ball
Jordan Montijo is caught stealing 3rd base 2-5
1-0: Foul Ball, location: 7LDF
1-1: SINGLE (Groundball, 6MD, EV 96.3 MPH)
Batting: SHB Carlos Carballo 0-0: Ball
1-0: Fly out, F8 (Flyball, 78D, EV 106.9 MPH)
Bottom of the 1st over - 0 runs, 2 hits, 0 errors, 1 left on base; Los Angeles 0 - Atlanta 0
TOP OF THE 2ND
Los Angeles Dodgers batting - Pitching for Atlanta Braves : RHP Ryan Peed
Batting: LHB Raul Gallegos 0-0: Ball
1-0: Ball
2-0: Ground out 5-3 (Groundball, 56, EV 80.6 MPH)
Batting: RHB Luis Lozada 0-0: Called Strike
0-1: Swinging Strike
0-2: Ball
1-2: Ball
2-2: Foul Ball, location: 5F
2-2: Ball
3-2: Foul Ball, location: 3F
3-2: Foul Ball, location: 2F
3-2: Fly out, F8 (Flyball, 8LXD, EV 98.1 MPH)
Batting: RHB Joe Boyer 0-0: Called Strike
0-1: Ball
1-1: Foul Ball, location: 9LDF
1-2: Foul Ball, location: 2F
1-2: Foul Ball, location: 3DF
1-2: Ball
2-2: Fly out, F6 (Line Drive, 6, EV 67.5 MPH)
Top of the 2nd over - 0 runs, 0 hits, 0 errors, 0 left on base; Los Angeles 0 - Atlanta 0
BOTTOM OF THE 2ND
Atlanta Braves batting - Pitching for Los Angeles Dodgers : RHP Sean McNees
Batting: SHB Joe Richardson 0-0: Hit by Pitch
Batting: LHB Omar Carreon 0-0: Ball
1-0: Called Strike
1-1: Swinging Strike
1-2: Ball
Joe Richardson is caught stealing 2nd base 2-6
2-2: Ground out 5-3 (Groundball, 5L, EV 95.0 MPH)
Batting: LHB Mike Hancock 0-0: Ball
1-0: Ground out U3 (Groundball, 3, EV 105.6 MPH)
Bottom of the 2nd over - 0 runs, 0 hits, 0 errors, 0 left on base; Los Angeles 0 - Atlanta 0
TOP OF THE 3RD
Los Angeles Dodgers batting - Pitching for Atlanta Braves : RHP Ryan Peed
Batting: RHB Bryan Uplinger 0-0: Called Strike
0-1: Foul Ball, location: 5DF
0-2: SINGLE (Groundball, 56D, EV 106.3 MPH)
Batting: LHB Joel Holden 0-0: Ball
1-0: Fly out, F7 (Flyball, 7, EV 88.8 MPH)
Batting: RHB Dan Boyd 0-0: Ball
1-0: Swinging Strike
1-1: Ball
2-1: SINGLE (Line Drive, 4M, EV 103.1 MPH)
Bryan Uplinger to second
Batting: LHB Eddy Miramontes 0-0: Ball
1-0: Called Strike
1-1: Called Strike
1-2: Foul Ball, location: 23FF
1-2: Strikes out swinging
Batting: LHB Jose Camacho 0-0: Foul Ball, location: 7LMF
0-1: Fly out, F9 (Flyball, 9LSF, EV 86.9 MPH)
Top of the 3rd over - 0 runs, 2 hits, 0 errors, 2 left on base; Los Angeles 0 - Atlanta 0
BOTTOM OF THE 3RD
Atlanta Braves batting - Pitching for Los Angeles Dodgers : RHP Sean McNees
Batting: RHB Luis Saez 0-0: Foul Ball, location: 3FF
0-1: Foul Ball, location: 2F
0-2: Ball
1-2: Foul Ball, location: 3SF
1-2: Ball
2-2: Foul Ball, location: 23FF
2-2: Foul Ball, location: 2F
2-2: Ground out 4-3 (Groundball, 4, EV 86.9 MPH)
Batting: RHB Matt Varner 0-0: Foul Ball, location: 3DF
0-1: Swinging Strike
0-2: Ball
1-2: Foul Ball, location: 9LDF
1-2: Ground out 1-3 (Groundball, 13S, EV 63.8 MPH)
Pitching: RHP Mike Doe
Batting: LHB Jordan Montijo 0-0: Ball
1-0: Ball
2-0: Swinging Strike
2-1: Foul Ball, location: 9LDF
2-2: Strikes out looking
Bottom of the 3rd over - 0 runs, 0 hits, 0 errors, 0 left on base; Los Angeles 0 - Atlanta 0
TOP OF THE 4TH
Los Angeles Dodgers batting - Pitching for Atlanta Braves : RHP Ryan Peed
Batting: LHB Greg Thompson 0-0: Ball
1-0: Swinging Strike
1-1: Ball
2-1: Foul Ball, location: 2F
2-2: Fly out, F5 (Popup, 25, EV 85.6 MPH)
Batting: LHB Raul Gallegos 0-0: Called Strike
0-1: Foul Ball, location: 25F
0-2: Ball
1-2: Reached on error, E4 (Groundball, 4, EV 106.3 MPH)
Batting: RHB Luis Lozada 0-0: Grounds into double play, 6-4-3 (Groundball, 6, EV 89.4 MPH)
Top of the 4th over - 0 runs, 0 hits, 1 error, 0 left on base; Los Angeles 0 - Atlanta 0
BOTTOM OF THE 4TH
Atlanta Braves batting - Pitching for Los Angeles Dodgers : RHP Mike Doe
Batting: LHB Wade Ronsonet 0-0: Ball
1-0: Called Strike
1-1: Foul Ball, location: 9LMFF
1-2: Ball
2-2: Ground out 4-3 (Groundball, 4, EV 88.8 MPH)
Batting: RHB Ramon Carrion 0-0: Ball
1-0: Called Strike
1-1: TRIPLE (Line Drive, 89XD, EV 102.5 MPH)
Batting: SHB Carlos Carballo 0-0: Called Strike
0-1: Ball
1-1: Called Strike
1-2: Fly out, F9 (Flyball, 9S, EV 80.6 MPH)
Batting: SHB Joe Richardson 0-0: Called Strike
0-1: Foul Ball, location: 7LMF
0-2: Ball
Wild Pitch!
Ramon Carrion scores
1-2: Ground out 2-3 (Groundball, 13S, EV 67.5 MPH)
Bottom of the 4th over - 1 run, 1 hit, 0 errors, 0 left on base; Los Angeles 0 - Atlanta 1
TOP OF THE 5TH
Los Angeles Dodgers batting - Pitching for Atlanta Braves : RHP Ryan Peed
Batting: RHB Joe Boyer 0-0: Ball
1-0: Ball
2-0: Ball
3-0: Called Strike
3-1: Swinging Strike
3-2: Base on Balls
Batting: RHB Bryan Uplinger 0-0: Ball
1-0: Bunted foul
1-1: Ball
2-1: Sac Bunt to 13S - play at first, batter OUT! 1-4
Joe Boyer to second
Batting: LHB Joel Holden 0-0: Swinging Strike
0-1: Foul Ball, location: 2F
0-2: Ball
1-2: Ground out U3 (Groundball, 34, EV 110.6 MPH)
Joe Boyer to third
Batting: RHB Dan Boyd 0-0: Foul Ball, location: 9LDF
0-1: Ball
1-1: Ball
2-1: Swinging Strike
2-2: Strikes out swinging
Top of the 5th over - 0 runs, 0 hits, 0 errors, 1 left on base; Los Angeles 0 - Atlanta 1
BOTTOM OF THE 5TH
Atlanta Braves batting - Pitching for Los Angeles Dodgers : RHP Mike Doe
Batting: LHB Omar Carreon 0-0: Ball
1-0: SINGLE (Groundball, 4MD, EV 94.4 MPH)
Batting: LHB Mike Hancock 0-0: Called Strike
0-1: Foul Ball, location: 9LDF
0-2: Strikes out swinging
Batting: RHB Luis Saez 0-0: Ball
1-0: Swinging Strike
1-1: Foul Ball, location: 2F
1-2: Strikes out looking
Batting: RHB Matt Varner 0-0: Swinging Strike
0-1: Called Strike
0-2: Foul Ball, location: 3FF
0-2: Strikes out swinging
Bottom of the 5th over - 0 runs, 1 hit, 0 errors, 1 left on base; Los Angeles 0 - Atlanta 1
TOP OF THE 6TH
Los Angeles Dodgers batting - Pitching for Atlanta Braves : RHP Ryan Peed
Batting: LHB Eddy Miramontes 0-0: Foul Ball, location: 2F
0-1: Ball
1-1: Foul Ball, location: 5FF
1-2: Foul Ball, location: 2F
1-2: Foul Ball, location: 3FF
1-2: Foul Ball, location: 2F
1-2: Foul Ball, location: 5SF
1-2: Foul Ball, location: 7LMF
1-2: Ball
2-2: Ball
3-2: Fly out, F2 (Popup, 15S, EV 91.9 MPH)
Pitching: RHP Kenny Ward
Batting: LHB Jose Camacho 0-0: Ball
1-0: Foul Ball, location: 2F
1-1: Swinging Strike
1-2: SOLO HOME RUN (Flyball, 9D, EV 108.8 MPH), Distance : 405 ft
Batting: LHB Greg Thompson 0-0: Called Strike
0-1: Ball
1-1: Foul Ball, location: 3DF
1-2: Ball
2-2: Ball
3-2: DOUBLE (Flyball, 78D, EV 108.1 MPH)
Batting: LHB Raul Gallegos 0-0: Called Strike
0-1: Ground out 5-3 (Groundball, 56, EV 63.1 MPH)
Batting: RHB Luis Lozada 0-0: Ball
1-0: Called Strike
1-1: Foul Ball, location: 5FF
1-2: Fly out, F8 (Flyball, 8RD, EV 76.3 MPH)
Top of the 6th over - 1 run, 2 hits, 0 errors, 1 left on base; Los Angeles 1 - Atlanta 1
BOTTOM OF THE 6TH
Atlanta Braves batting - Pitching for Los Angeles Dodgers : RHP Mike Doe
Batting: LHB Jordan Montijo 0-0: Called Strike
0-1: Called Strike
0-2: Foul Ball, location: 5F
0-2: Ball
1-2: Foul Ball, location: 5SF
1-2: Ball
2-2: Ball
3-2: Base on Balls
Pitching: RHP Reynaldo Coronado
Batting: LHB Wade Ronsonet 0-0: Bunted foul
0-1: Bunted foul
0-2: Ball
Wild Pitch!
Jordan Montijo to second
1-2: Ball
2-2: Ball
3-2: Ground out 4-3 (Groundball, 4, EV 101.9 MPH)
Jordan Montijo to third
Batting: RHB Ramon Carrion 0-0: Ball
1-0: Called Strike
1-1: Swinging Strike
1-2: Ball
2-2: Ball
3-2: Strikes out swinging
Batting: SHB Carlos Carballo 0-0: Foul Ball, location: 5FF
0-1: Fly out, F8 (Flyball, 8LD, EV 100.6 MPH)
Bottom of the 6th over - 0 runs, 0 hits, 0 errors, 1 left on base; Los Angeles 1 - Atlanta 1
TOP OF THE 7TH
Los Angeles Dodgers batting - Pitching for Atlanta Braves : RHP Kenny Ward
Batting: RHB Joe Boyer 0-0: Ball
1-0: Swinging Strike
1-1: Called Strike
1-2: Strikes out swinging
Batting: RHB Bryan Uplinger 0-0: Ball
1-0: Ball
2-0: Called Strike
2-1: Foul Ball, location: 25F
2-2: Ball
3-2: Base on Balls
Batting: LHB Joel Holden 0-0: Ball
1-0: Ball
2-0: Swinging Strike
Bryan Uplinger steals 2nd base (no throw)
2-1: Intentional Walk
Pitching: RHP Andy Thomas
Batting: RHB Dan Boyd 0-0: Fly out, F9 (Flyball, 9, EV 93.1 MPH)
Batting: LHB Eddy Miramontes 0-0: Ball
1-0: Foul Ball, location: 7LMF
1-1: Fly out, F9 (Flyball, 9S, EV 82.5 MPH)
Top of the 7th over - 0 runs, 0 hits, 0 errors, 2 left on base; Los Angeles 1 - Atlanta 1
BOTTOM OF THE 7TH
Atlanta Braves batting - Pitching for Los Angeles Dodgers : RHP Reynaldo Coronado
Batting: SHB Joe Richardson 0-0: Ball
1-0: Ground out 4-3 (Groundball, 4, EV 81.3 MPH)
Batting: LHB Omar Carreon 0-0: Foul Ball, location: 2F
0-1: Ball
1-1: Ball
2-1: Foul Ball, location: 3FF
2-2: Foul Ball, location: 25F
2-2: Foul Ball, location: 7LSF
2-2: Ground out 4-3 (Groundball, 4, EV 100.6 MPH)
Pitching: LHP Alex Alcerro
Batting: LHB Mike Hancock 0-0: Foul Ball, location: 2F
0-1: Ball
1-1: Ground out 4-3 (Groundball, 34D, EV 99.4 MPH)
Bottom of the 7th over - 0 runs, 0 hits, 0 errors, 0 left on base; Los Angeles 1 - Atlanta 1
TOP OF THE 8TH
Los Angeles Dodgers batting - Pitching for Atlanta Braves : RHP Andy Thomas
Batting: LHB Jose Camacho 0-0: Called Strike
0-1: Called Strike
0-2: Foul Ball, location: 3F
0-2: Ball
1-2: Ground out 4-3 (Groundball, 4M, EV 109.4 MPH)
Batting: LHB Greg Thompson 0-0: Called Strike
0-1: Ball
1-1: Ball
2-1: Ball
3-1: Base on Balls
Batting: LHB Raul Gallegos 0-0: Ball
1-0: Swinging Strike
1-1: Called Strike
1-2: Foul Ball, location: 3F
1-2: Ball
2-2: Foul Ball, location: 2F
2-2: Fly out, F8 (Flyball, 8RXD, EV 98.1 MPH)
Batting: RHB Luis Lozada 0-0: Ball
1-0: Swinging Strike
1-1: Ball
2-1: Hit by Pitch
Greg Thompson to second
Batting: RHB Joe Boyer 0-0: Ball
1-0: Swinging Strike
1-1: Foul Ball, location: 2F
1-2: Ball
2-2: Fly out, F6 (Popup, 6M, EV 68.8 MPH)
Top of the 8th over - 0 runs, 0 hits, 0 errors, 2 left on base; Los Angeles 1 - Atlanta 1
BOTTOM OF THE 8TH
Atlanta Braves batting - Pitching for Los Angeles Dodgers : LHP Alex Alcerro
Pitching: LHP Mike Rumschlag
Batting: RHB Luis Saez 0-0: Ball
1-0: Ball
2-0: Foul Ball, location: 7LSF
2-1: Foul Ball, location: 2F
2-2: Foul Ball, location: 25F
2-2: Ball
3-2: Ground out 5-3 (Groundball, 56S, EV 85.6 MPH)
Batting: RHB Matt Varner 0-0: Called Strike
0-1: Called Strike
0-2: Strikes out swinging
Pinch Hitting: RHB Antonio Mejia 0-0: Swinging Strike
0-1: Ball
1-1: Called Strike
1-2: Foul Ball, location: 2F
1-2: Fly out, F9 (Flyball, 9, EV 91.9 MPH)
Bottom of the 8th over - 0 runs, 0 hits, 0 errors, 0 left on base; Los Angeles 1 - Atlanta 1
TOP OF THE 9TH
Los Angeles Dodgers batting - Pitching for Atlanta Braves : RHP Andy Thomas
Pitching: RHP Tim Pye
Now in RF: Adam Brading
Batting: RHB Bryan Uplinger 0-0: Swinging Strike
0-1: Ball
1-1: DOUBLE (Line Drive, 3D, EV 96.3 MPH)
Batting: LHB Joel Holden 0-0: Intentional Walk
Batting: RHB Dan Boyd 0-0: Sac Bunt to 15S - play at first, batter OUT! 1-4
Bryan Uplinger to third
Joel Holden to second
Batting: LHB Eddy Miramontes 0-0: Intentional Walk
Batting: LHB Jose Camacho 0-0: Ball
1-0: Ball
2-0: Ball
3-0: Called Strike
3-1: Base on Balls
Bryan Uplinger scores
Joel Holden to third
Eddy Miramontes to second
Batting: LHB Greg Thompson 0-0: Called Strike
0-1: Ball
1-1: Ball
2-1: Foul Ball, location: 7LDF
2-2: Ball
3-2: Hit by Pitch
Joel Holden scores
Eddy Miramontes to third
Jose Camacho to second
Pinch Hitting: RHB Victor Salinas 0-0: Called Strike
0-1: Called Strike
0-2: Ball
1-2: Strikes out looking
Batting: RHB Luis Lozada 0-0: Called Strike
0-1: Ground out 5-3 (Groundball, 56S, EV 91.9 MPH)
Top of the 9th over - 2 runs, 1 hit, 0 errors, 3 left on base; Los Angeles 3 - Atlanta 1
BOTTOM OF THE 9TH
Atlanta Braves batting - Pitching for Los Angeles Dodgers : LHP Mike Rumschlag
Now at C: Ron Ascencio
Now at SS: Jason Avsar
Now in CF: Freddie Mitchell
Now in RF: John Spohn
Batting: LHB Wade Ronsonet 0-0: Ball
1-0: Foul Ball, location: 3FF
1-1: Ball
2-1: Ball
3-1: Foul Ball, location: 5SF
3-2: Fly out, F9 (Line Drive, 9S, EV 98.8 MPH)
Pitching: RHP Eric Beattie
Batting: RHB Ramon Carrion 0-0: Ball
1-0: Swinging Strike
1-1: SOLO HOME RUN (Flyball, 7D, EV 99.4 MPH), Distance : 376 ft
Batting: SHB Carlos Carballo 0-0: Called Strike
0-1: Foul Ball, location: 7LDF
0-2: Ball
1-2: Ball
2-2: Fly out, F9 (Flyball, 89S, EV 82.5 MPH)
Batting: SHB Joe Richardson 0-0: Swinging Strike
0-1: Fly out, F9 (Flyball, 9S, EV 96.3 MPH)
Bottom of the 9th over - 1 run, 1 hit, 0 errors, 0 left on base; Los Angeles 3 - Atlanta 2
Thursday, April 11th , 2024 - OOTP Baseball 24.11 Build 85